 Dungeon Crawl Stone Soup version 0.21.0-25-ge575cb9 (webtiles) character file.

826363 Gruud the Sensei (level 27, -1/223 (224) HPs)
             Began as a Demonspawn Necromancer on Jan 18, 2018.
             Was the Champion of Uskayaw.
             Slain by a reaper
             ... wielding a +6 scythe of slicing
             ... summoned by the power of Zot
              (4 damage)
             ... on level 3 of the Tomb of the Ancients on Jan 25, 2018.
             The game lasted 08:12:29 (56127 turns).

Gruud the Sensei (Demonspawn Necromancer)          Turns: 56127, Time: 08:12:29

HP:   -1/223 (224)  AC:  7    Str: 12    XL:     27
MP:   0/37          EV: 30    Int: 16    God:    Uskayaw [******]
Gold: 4031          SH:  9    Dex: 23    Spells: 0/46 levels left

rFire    + + .     SeeInvis +     - Unarmed
rCold    + . .     Gourm    .   r - +0 buckler {rC+}
rNeg     + + +     Faith    +   W - +2 robe {Archmagi}
rPois    +         Spirit   +   (helmet unavailable)
rElec    .         Reflect  .   S - +2 ratskin cloak {+Rats rPois rN+ Str-1 Int-1 Dex+1}
rCorr    .         Harm     .   (gloves unavailable)
MR       +++..                  (boots unavailable)
Stlth    +++.......             j - amulet of Keach {Faith rN+}
HPRegen  0.47/turn              z - ring of protection from magic
MPRegen  0.50/turn              F - ring of protection from fire

@: slowed, very slow
A: antennae 3, beak, claws 3, hooves 3, deterioration 1, fire resistance 1,
ignite blood, negative energy resistance 1, screaming 1, 50% torment resistance,
wild magic 1, magic shield, magic regeneration, magic link, black mark, flame
cloud immunity
}: 5/15 runes: decaying, serpentine, slimy, silver, abyssal
a: Stomp, Line Pass, Grand Finale, Renounce Religion, Evoke Ratskin


You were on level 3 of the Tomb of the Ancients.
You worshipped Uskayaw.
Uskayaw was greatly pleased with you.
You were very hungry.

You visited 14 branches of the dungeon, and saw 62 of its levels.
You visited the Abyss 2 times.
You also visited: Labyrinth, Trove, Ice Cave and Desolation.

You collected 7334 gold pieces.
You spent 3303 gold pieces at shops.

Inventory:

Hand Weapons
 b - the +8 hunting sling "Worm" {speed, Int+4 Dex+2}
   (You found it on level 5 of the Vaults)

   Attacks with this weapon are significantly faster.
   It affects your intelligence (+4).
   It affects your dexterity (+2).
Missiles
 h - 393 sling bullets
Armour
 r - a +0 buckler of cold resistance (worn)
 P - a +1 buckler of protection
 S - the +2 ratskin cloak (worn) {+Rats rPois rN+ Str-1 Int-1 Dex+1}
   (You bought it in a shop on level 7 of the Dungeon)

   It affects your strength (-1).
   It affects your intelligence (-1).
   It affects your dexterity (+1).
   It protects you from poison.
   It protects you from negative energy.
 W - a +2 robe of the Archmagi (worn)
Jewellery
 c - the amulet of Vitality {Regen+ HP+15}
   (You found it on level 5 of the Pits of Slime)

   [amulet of regeneration]

   It affects your health (+15).
   It increases your rate of regeneration.
 d - an uncursed ring of protection from magic
 j - the amulet of Keach (around neck) {Faith rN+}
   (You found it in a treasure trove)

   [amulet of faith]

   It allows you to gain divine favour quickly.
   It protects you from negative energy.
 k - an uncursed ring of protection from cold
 l - an uncursed ring of resist corrosion
 x - an uncursed amulet of magic regeneration
 z - a ring of protection from magic (left claw)
 F - a ring of protection from fire (right claw)
 X - the ring "Ysudyf" {rElec rN+ Str+4 Int+5 Dex+2}
   (You found it in the Desolation of Salt)

   [ring of positive energy]

   It affects your strength (+4).
   It affects your intelligence (+5).
   It affects your dexterity (+2).
   It insulates you from electricity.
   It protects you from negative energy.
Wands
 v - a wand of acid (79)
 N - a wand of digging (31)
Scrolls
 m - 21 scrolls of remove curse
 n - 22 scrolls of teleportation
 w - 10 scrolls of enchant armour
 y - 11 scrolls of fog
 B - 8 scrolls of fear
 C - 3 scrolls of brand weapon
 E - 12 scrolls of enchant weapon
 H - 3 scrolls of summoning
 I - 7 scrolls of magic mapping
 K - 11 scrolls of immolation
 O - 15 scrolls of blinking
 R - 16 scrolls of identify
 U - 7 scrolls of amnesia
 V - 3 scrolls of silence
Potions
 e - 7 potions of agility
 f - 4 potions of magic
 g - 8 potions of ambrosia
 o - 2 potions of heal wounds
 p - 4 potions of invisibility
 q - 10 potions of haste
 s - 23 potions of curing
 A - 7 potions of resistance
 D - 6 potions of might
 G - 9 potions of cancellation
 L - 10 potions of mutation
 M - 11 potions of brilliance
 Q - 2 potions of berserk rage
 Y - 6 potions of flight
Miscellaneous
 i - a crystal ball of energy
Comestibles
 a - 80 rations
 t - 6 chunks of flesh


   Skills:
 - Level 20.0 Fighting
 * Level 11.9 Slings
 + Level 18.0 Dodging
 - Level 5.2 Stealth
 - Level 15.0 Shields
 - Level 22.2 Unarmed Combat
 - Level 10.0 Spellcasting
 - Level 10.0 Charms
 - Level 15.8 Necromancy
 - Level 10.0 Translocations
 - Level 17.0 Transmutations
 - Level 17.0 Earth Magic
 - Level 20.7 Invocations


You couldn't memorise any spells.
You knew the following spells:

 Your Spells              Type           Power        Failure   Level  Hunger
a - Animate Dead          Necr           N/A          1%          4    ###....
b - Animate Skeleton      Necr           N/A          1%          1    None
c - Apportation           Tloc           ######       1%          1    None
d - Regeneration          Chrm/Necr      #######...   1%          3    None
e - Borgnjor's Vile Clut  Necr/Erth      #######...   1%          5    #####..
f - Blink                 Tloc           N/A          1%          2    None
g - Statue Form           Tmut/Erth      #######..    2%          6    ######.
h - Lesser Beckoning      Tloc           ######....   1%          3    None
i - Passwall              Tmut/Erth      #######...   1%          2    None
j - Swiftness             Chrm/Air       #####...     3%          2    None
k - Passage of Golubria   Tloc           N/A          3%          4    ###....
l - Death Channel         Necr           #######...   3%          6    ######.
m - Song of Slaying       Chrm           ######..     1%          2    None
n - Ozocubu's Armour      Chrm/Ice       #####...     6%          3    None
o - Confusing Touch       Hex            ###...       13%         1    None
p - Summon Butterflies    Summ           ###.....     13%         1    None


Dungeon Overview and Level Annotations

Branches:
Dungeon (15/15)            Temple (1/1) D:5            Lair (6/6) D:10
  Swamp (4/4) Lair:4        Snake (4/4) Lair:4        Slime (5/5) Lair:5
    Orc (2/2) D:11            Elf (3/3) Orc:2        Vaults (5/5) D:13
  Crypt (3/3) Vaults:3       Tomb (3/3) Crypt:3      Depths (5/5) D:15
   Hell (1/1)                 Zot (5/5) Depths:5
    Dis: Hell:1         Geh: Hell:1         Coc: Hell:1         Tar: Hell:1

Altars:
Ashenzari
Cheibriados
Dithmenos
Elyvilon
Fedhas
Gozag
Kikubaaqudgha
Makhleb
Nemelex Xobeh
Qazlal
Ru
Trog
Uskayaw
Vehumet
Xom
Yredelemnul
Zin
The Shining One
Jiyva

Shops:
D:5 (   D:7 }[[   Orc:2 (}??*   Elf:1 (   Elf:2 [   Snake:1 ?   Snake:4 }(
Vaults:4 [}[(?   Depths:2 ![?!

Portals:
Hell: Depths:1 Depths:2 Depths:3 Depths:4 Depths:5
Abyss: Depths:4 Depths:5
Pandemonium: Orc:2 Depths:3
Ziggurat: Depths:4

Annotations:
D:10 flight vault, clear
D:12 2 runed doors
D:14 Clouds/Tempest book
Elf:2 3 runed doors


Innate Abilities, Weirdness & Mutations

You have a pair of large antennae on your head. (SInv)
You have claws for hands.
You have hooves in place of feet.
Your flesh is heat resistant. (rF+)
Your demonic aura causes spilled blood to erupt in flames.
You resist negative energy. (rN+)
You are somewhat able to resist unholy torments (1 in 2 success).
When hurt, damage is shared between your health and your magic reserves.
You regenerate magic rapidly.
When low on magic, you restore magic in place of health.
Your melee attacks may debilitate your foes.
You are immune to clouds of flame.
You have a beak for a mouth.
Your body sometimes deteriorates upon taking damage.
You occasionally shout uncontrollably at your foes.
Your spells are a little harder to cast, but a little more powerful.


Message History

The death scarab drains your vigour!
You feel yourself slow down.
The death scarab moves out of view.
You block the death scarab's attack. The death scarab completely misses you.
You hear a distant "Zot"! x2
The mana viper bites you!!
* * * LOW HITPOINT WARNING * * *
You feel your power leaking away. The mana viper bites you.
* * * LOW HITPOINT WARNING * * *
You feel your power leaking away. The flying skull misses you.
The mana viper completely misses you.
You hear a loud "Zot"!
The ushabti is engulfed in blazing flames.
The ushabti shakes and rattles deafeningly!
The mana viper closely misses you. You block the flying skull's attack.
The skeletal warrior completely misses you.
The shadow completely misses you.
The reaper hits you from afar with a scythe of slicing!!
* * * LOW HITPOINT WARNING * * *
You die...

....s?sss.........
.s..sssss..$.....#
ss..s..ss...s..###
ss....ss####M###
ss.[..M{##..%M##
s......##...^.M.###
......##{...^MzZMs#
.....## ..^..sSSW##
....## .....MM@z$#
...# .....Z8sz$#
.M.# ....ssss$2#
.4.# ...$!$$$[[#
8..#8 ..[$$):[)}#


sM.M ..$%[::[[## MMs#{ .$$$:=}=## .4.# .$%))}:## ...# You could see a greater
mummy, a reaper, a skeletal warrior, 2 mana vipers, 3 guardian mummies, an
ushabti, a spectral golden dragon, 8 death scarabs, a shadow, a flying skull, 3
mummies, a wight and a titan skeleton.

Vanquished Creatures
  the Royal Jelly (Slime:5)
  Khufu (Tomb:2)
  4 ancient liches (Zot:5)
  6 orbs of fire
  A juggernaut (Depths:3)
  The ghost of Nicoed the Axe Maniac, a legendary HOFi of Beogh (Tomb:1)
  8 greater mummies
  The ghost of Jatast the Slayer, a legendary GrMo of Trog (Slime:4)
  Frederick (Depths:4)
  6 Killer Klowns
  Geryon (Hell)
  10 golden dragons
  A curse toe (Zot:4)
  2 profane servitors
  Jory (Depths:2)
  3 electric golems
  Jorgrun (Vaults:2)
  A hellephant (Abyss:5)
  25 Orb Guardians (Zot:5)
  6 tentacled monstrosities
  2 deep elf blademasters (Elf:3)
  Rupert (Snake:1)
  2 liches
  4 titans (Vaults:5)
  A deep elf master archer (Elf:3)
  3 quicksilver dragons
  6 tentacled starspawn (Abyss:5)
  6 ancient champions
  12 sphinxes
  4 death cobs
  3 thorn hunters
  9 acid blobs
  11 storm dragons
  5 shadow dragons
  6 tengu reavers
  Kirke (Lair:4)
  6 draconian monks
  6 frost giants
  6 azure jellies
  7 nagarajas
  The ghost of stickyfingers the Executioner, an adept MiBe of Trog (Depths:2)
  8 revenants
  Roxanne (Swamp:1)
  Donald (Snake:3)
  11 deep elf sorcerers
  A daeva (Abyss:5)
  16 vault wardens
  6 draconian knights
  A balrug (Depths:4)
  Aizul (Snake:1)
  7 fire giants
  An imperial myrmidon (Desolation)
  A curse skull (Crypt:1)
  Louise (Swamp:1)
  7 draconian scorchers
  16 ironheart preservers
  5 ghost moths
  An iron dragon (Vaults:5)
  11 draconian shifters
  A deep elf elementalist (Vaults:5)
  2 angels (Abyss:5)
  5 draconian annihilators
  7 draconian stormcallers
  20 very ugly things
  9 ghouls
  7 war gargoyles
  8 reapers
  34 stone giants
  10 vampire knights
  9 bennus
  2 entropy weavers (Vaults:4)
  6 deep elf demonologists
  9 red draconians
  Azrael (D:15)
  13 green draconians
  9 spark wasps
  21 white draconians
  16 yellow draconians
  12 black draconians
  A lorocyproca (Hell)
  4 dire elephants (Abyss:5)
  4 halazid warlocks (Desolation)
  2 spectral titans (Crypt:3)
  6 deep elf annihilators
  A spark wasp (shapeshifter) (Vaults:5)
  9 jiangshi
  10 eidola
  21 purple draconians
  3 spectral quicksilver dragons (Crypt:3)
  A minotaur (Lab)
  A minotaur (shapeshifter) (Vaults:5)
  16 ettins
  19 mummy priests
  19 fire dragons
  2 death oozes (Slime:5)
  Josephine (Lair:5)
  3 crystal guardians
  A green death (Hell)
  5 blizzard demons
  A merfolk impaler (Depths:5)
  A quicksilver dragon zombie (Hell)
  The ghost of Ratty the Markscentaur, a journeyman CeHu of Okawaru (D:11)
  5 deep elf death magi
  12 yaktaur captains
  2 pearl dragon zombies (Depths:4)
  8 ragged hierophants (Desolation)
  8 deep elf high priests
  8 ice dragons
  10 great orbs of eyes
  A servant of whispers (Desolation)
  6 rakshasas
  21 naga warriors
  6 peacekeepers
  2 spriggan air magi
  A juggernaut simulacrum (Depths:4)
  32 vault guards
  15 hydras
  A spectral stone giant (Crypt:3)
  59 two-headed ogres
  15 centaur warriors
  19 anacondas
  A catoblepas (D:15)
  5 death knights
  8 dancing weapons
  4 alligators
  3 hell hogs (Depths:4)
  2 spectral fire giants (Crypt:3)
  A spectral frost giant (Crypt:3)
  43 death scarabs
  5 tengu warriors
  A two-headed ogre (shapeshifter) (Vaults:5)
  19 ogre magi
  The ghost of MirrMurr the Cleaver, a novice DDFi of Makhleb (D:8)
  The ghost of troglodite the Protected, a novice DsBe of Trog (D:11)
  8 thrashing horrors (Abyss:5)
  11 deep troll shamans
  A spectral dire elephant (Crypt:3)
  9 vampire magi
  A spectral storm dragon (Crypt:3)
  10 shock serpents
  12 naga sharpshooters
  5 orc high priests
  3 deep troll earth magi
  16 large abominations
  20 deep elf knights
  2 iron golems
  19 shadow wraiths
  10 soul eaters
  3 spatial maelstroms (Abyss:5)
  3 titan zombies
  2 spriggan berserkers
  4 sun demons
  11 wretched stars (Abyss:5)
  4 sixfirhies
  4 iron trolls
  A storm dragon zombie (Hell)
  4 salamander mystics
  18 skeletal warriors
  A death drake (Abyss:5)
  12 hell knights
  4 anaconda zombies
  3 unseen horrors
  20 deep trolls
  A ghost moth zombie (Tomb:1)
  9 glowing orange brains
  16 swamp dragons
  5 wizards
  15 flayed ghosts
  A storm dragon skeleton (Depths:1)
  12 starcursed masses (Abyss:5)
  11 naga ritualists
  A deep troll (shapeshifter) (Depths:4)
  A gelid demonspawn (Orc:2)
  16 ironbrand convokers
  A spriggan druid (Swamp:4)
  A death drake (shapeshifter) (Vaults:5)
  21 phantasmal warriors
  21 deep elf archers
  2 spectral iron dragons (Crypt:3)
  An infernal demonspawn (Orc:2)
  An anaconda skeleton (Hell)
  2 shambling mangroves (Swamp:4)
  A spectral wolf spider (Crypt:3)
  9 necromancers
  2 orb spiders
  11 small abominations
  A sphinx zombie (Depths:4)
  4 lindwurms (D:10)
  A spectral hydra (Crypt:3)
  9 harpies
  77 deep elf magi
  2 mana vipers (shapeshifter)
  12 mana vipers
  12 orc knights
  2 oklob plants
  2 spectral ice dragons (Crypt:3)
  14 salamanders
  2 shining eyes (Slime:5)
  3 wolf spiders
  2 fire giant zombies
  8 orc sorcerers
  A wolf spider (shapeshifter) (Depths:3)
  2 frost giant zombies
  A stone giant zombie (Hell)
  2 salamanders (shapeshifter)
  4 worldbinders (Abyss:5)
  A spectral fire dragon (Crypt:3)
  56 ugly things
  2 fire giant skeletons
  An iron dragon skeleton (Tomb:1)
  32 moths of wrath
  3 elephants
  15 guardian serpents
  8 rust devils
  2 dire elephant zombies
  12 vault sentinels
  6 cyclopes
  2 ice statues (IceCv)
  4 apis skeletons (Depths:4)
  39 black mambas
  An eye of devastation (Slime:5)
  15 naga magi
  6 smoke demons
  10 spiny frogs
  2 orange demons
  An emperor scorpion zombie (Crypt:2)
  A gargoyle (D:15)
  5 rime drakes
  4 komodo dragons
  3 hellions (Abyss:5)
  2 redback zombies (D:15)
  A swamp worm zombie (Crypt:3)
  20 freezing wraiths
  A tormentor (Hell)
  2 efreet
  52 yaktaurs
  2 kobold demonologists
  A rime drake (shapeshifter) (D:12)
  7 ancient zymes (Abyss:5)
  2 demonic crawlers (Hell)
  5 ice devils
  A red devil (Hell)
  A hellwing (Depths:3)
  6 polar bears
  21 guardian mummies
  A yaktaur skeleton (Depths:1)
  3 tengu conjurers
  2 catoblepas skeletons
  A spectral harpy (Crypt:3)
  A meliai (D:12)
  9 trolls
  3 jumping spiders
  17 hornets
  A wind drake (shapeshifter) (D:15)
  A hydra zombie (Hell)
  A shadow dragon simulacrum (Crypt:3)
  66 slime creatures
  3 tyrant leeches
  A tengu simulacrum (Depths:1)
  2 harpy skeletons
  16 hippogriffs
  20 raiju (Abyss:5)
  6 bog bodies
  A hornet (shapeshifter) (Vaults:3)
  A sphinx simulacrum (Depths:4)
  13 blink frogs
  38 saltlings (Desolation)
  2 fire dragon zombies
  10 dream sheep
  A wolf spider simulacrum (Hell)
  A fire giant simulacrum (Crypt:3)
  13 flying skulls
  6 air elementals
  2 redbacks (Vaults:4)
  2 ettin skeletons
  Sigmund (D:4)
  A fire dragon skeleton (Crypt:1)
  18 water elementals
  13 shadows
  An elf simulacrum (Depths:4)
  15 spriggans
  6 fire elementals
  6 wyverns
  A yak (shapeshifter) (Vaults:2)
  2 tarantellas (Zot:2)
  18 ushabtiu
  A ynoxinul (Abyss:5)
  A human (shapeshifter) (Depths:3)
  44 yaks
  A deep troll skeleton (Depths:1)
  A steam dragon (D:10)
  16 wraiths
  5 hogs (Lair:4)
  4 basilisks
  2 neqoxecs (Abyss:5)
  A human (D:10)
  A glowing shapeshifter zombie (Crypt:1)
  16 vampire mosquitoes
  3 hungry ghosts
  4 chaos spawn (Abyss:5)
  57 nagas
  6 wargs
  4 insubstantial wisps (Swamp:3)
  12 swamp worms
  An acid dragon (Vaults:2)
  2 hell hounds (D:15)
  A soldier ant (D:12)
  6 porcupines
  13 water moccasins
  2 floating eyes (Depths:4)
  A naga (shapeshifter) (Vaults:5)
  Duvessa (D:6)
  A faun skeleton (Crypt:3)
  A gelid demonspawn skeleton (Crypt:2)
  A black bear (shapeshifter) (Vaults:3)
  A hornet zombie (D:13)
  7 ice beasts
  An ice dragon simulacrum (Abyss:5)
  36 orc warriors
  A dream sheep zombie (Crypt:2)
  2 phantoms
  13 swamp drakes
  An ettin simulacrum (Crypt:3)
  5 necrophages
  3 black bears
  5 boggarts
  3 eyes of draining
  2 sky beasts
  37 ogres
  10 wolves (Lair:6)
  17 centaurs
  A snapping turtle skeleton (Crypt:2)
  An ogre (shapeshifter) (Abyss:5)
  9 crocodiles
  2 big kobolds
  A salamander zombie (Crypt:2)
  14 bullfrogs
  3 earth elementals
  A glowing shapeshifter simulacrum (Depths:1)
  A water moccasin zombie (Crypt:2)
  A wyvern skeleton (D:12)
  Dowan (D:6)
  5 scorpions
  2 water moccasin skeletons
  A human simulacrum (Vaults:2)
  9 killer bees
  A yak skeleton (Crypt:2)
  An electric eel (Lair:5)
  A howler monkey (D:8)
  5 wights
  A howler monkey (shapeshifter) (Vaults:4)
  7 crimson imps
  A wolf skeleton (Crypt:1)
  3 jellies
  A quasit (D:5)
  4 centaur zombies
  5 bullfrog skeletons
  A gnoll shaman (D:9)
  30 orc priests
  Crazy Yiuf (D:6)
  5 hounds
  28 orc wizards
  4 centaur skeletons
  4 human skeletons (Crypt:1)
  Terence (D:2)
  3 iguanas
  Natasha (thrice) (D:2)
  10 worker ants
  2 big kobold zombies (Crypt:3)
  A centaur simulacrum (Crypt:3)
  A naga skeleton (Crypt:3)
  35 mummies
  A howler monkey zombie (D:8)
  14 adders
  5 gnolls
  A naga simulacrum (Crypt:2)
  2 shadow imps
  A white imp (Depths:1)
  5 oozes
  2 adder zombies (D:4)
  An adder skeleton (D:4)
  A lava snake skeleton (Crypt:1)
  2 worms
  2 dart slugs
  8 leopard geckos
  92 orcs
  A ball python (shapeshifter) (Depths:5)
  7 giant cockroaches
  5 goblins
  7 hobgoblins
  16 jackals
  3 quokkas
  6 bats
  3 frilled lizards
  A frilled lizard skeleton (Crypt:1)
  A frilled lizard zombie (Crypt:1)
  A giant cockroach zombie (D:6)
  A goblin zombie (Crypt:3)
  A jackal skeleton (D:8)
  13 kobolds
  A kobold skeleton (Crypt:3)
  4 leopard gecko skeletons
  A quokka skeleton (Crypt:1)
  2 quokka zombies (D:4)
  10 rats
  A crawling corpse (Vaults:5)
  6 fungi
  10 plants
  9 starspawn tentacles (Abyss:5)
  4 withered plants (Crypt:3)
2976 creatures vanquished.

Vanquished Creatures (collateral kills)
  A caustic shrike (Depths:3)
  A golden dragon (Vaults:5)
  A shadow dragon (Vaults:5)
  A nagaraja (Snake:4)
  A frost giant (Depths:3)
  A very ugly thing (Depths:3)
  An ettin (Vaults:5)
  A mummy priest (Tomb:1)
  A jiangshi (Depths:2)
  A fire dragon (Depths:2)
  2 yaktaur captains
  A vault guard (Vaults:1)
  3 anacondas (Snake:4)
  An alligator (Swamp:3)
  2 tengu warriors
  A shock serpent (Snake:4)
  2 ugly things
  3 elephants (Lair:5)
  A guardian serpent (Snake:4)
  2 spiny frogs
  3 yaktaurs (Vaults:1)
  A troll (D:10)
  A komodo dragon (Lair:4)
  A slime creature (Depths:3)
  A hippogriff (Lair:2)
  2 polar bears (Lair:6)
  3 hornets (Lair:6)
  2 blink frogs (Lair:1)
  A dream sheep (Lair:5)
  A shadow (D:14)
  An air elemental (Depths:4)
  A spriggan (Lair:6)
  A yak (Lair:6)
  A hog (Lair:4)
  A basilisk (Lair:3)
  A hungry ghost (D:14)
  An insubstantial wisp (Swamp:3)
  A naga (Snake:4)
  A swamp worm (Swamp:3)
  A water moccasin (Lair:3)
  2 porcupines
  A swamp drake (Swamp:4)
  A black bear (Lair:6)
  An ice beast (D:10)
  2 wolves (Lair:6)
  2 ogres
  2 centaurs (D:10)
  3 crocodiles
  2 bullfrogs
  A wight (D:9)
  2 hounds (D:6)
  An orc priest (D:7)
  A bullfrog skeleton (D:9)
  2 orc wizards
  2 worker ants
  2 mummies (Tomb:1)
  2 gnolls
  An adder (D:9)
  An adder zombie (D:4)
  A leopard gecko (D:1)
  6 orcs
  3 jackals
  A quokka (D:7)
  A bat (D:1)
  A kobold (D:1)
  A fungus (Lair:5)
  2 plants
101 creatures vanquished.

Vanquished Creatures (others)
  A quicksilver dragon (Zot:3)
  A nagaraja (Snake:4)
  A black draconian (Depths:5)
  6 death scarabs (Tomb:3)
  A skeletal warrior (Tomb:1)
  A glowing orange brain (Abyss:5)
  A tengu skeleton (Depths:1)
  3 moths of wrath (Zot:5)
  A rust devil (Hell)
  A raiju (Abyss:5)
  2 blink frogs (Abyss:5)
  An air elemental (Depths:5)
  8 flying skulls
  2 golden eyes (Abyss:5)
  A large abomination (Abyss:5)
  4 mummies
  4 bushes (Lair:6)
  A crawling corpse (Vaults:5)
  5 fungi
  2 lurking horrors (Abyss:5)
  16 plants
  15 starspawn tentacles (Abyss:5)
78 creatures vanquished.

Grand Total: 3155 creatures vanquished

Notes
Turn   | Place    | Note
-------+----------+-------------------------------------------
     0 | D:1      | Gruud the Demonspawn Necromancer began the quest for the Orb.
     0 | D:1      | Reached XP level 1. HP: 13/13 MP: 3/3
     2 | D:1      | Learned a level 1 spell: Animate Skeleton
   128 | D:1      | Gained mutation: Your flesh is heat resistant. (rF+) [demonic ancestry]
   128 | D:1      | Reached XP level 2. HP: 16/19 MP: 5/5
   183 | D:1      | Reached skill level 5 in Necromancy
   539 | D:2      | Gained mutation: You have a pair of small antennae on your head. [demonic ancestry]
   539 | D:2      | Reached XP level 3. HP: 24/24 MP: 6/6
   547 | D:2      | Learned a level 3 spell: Vampiric Draining
   883 | D:2      | Gained mutation: You have large cloven feet. [demonic ancestry]
   883 | D:2      | Reached XP level 4. HP: 22/30 MP: 4/7
   941 | D:2      | Noticed Natasha
   945 | D:2      | Killed Natasha
  1139 | D:2      | Noticed Terence
  1158 | D:2      | Killed Terence
  1313 | D:2      | Noticed Natasha
  1318 | D:2      | Killed Natasha
  1318 | D:2      | Gained mutation: You have sharp fingernails. [demonic ancestry]
  1318 | D:2      | Reached XP level 5. HP: 25/35 MP: 3/9
  1340 | D:2      | Noticed Natasha
  1343 | D:2      | Killed Natasha
  1399 | D:2      | Learned a level 3 spell: Regeneration
  1414 | D:3      | Found a snail-covered altar of Cheibriados.
  1783 | D:3      | Noticed an ogre
  1813 | D:3      | Killed an ogre
  1813 | D:3      | Reached XP level 6. HP: 26/41 MP: 4/11
  1837 | D:3      | Found a bloodstained altar of Trog.
  2172 | D:3      | Found a stormy altar of Qazlal.
  2175 | D:3      | Found a basalt altar of Yredelemnul.
  2182 | D:3      | Found a shattered altar of Ashenzari.
  2533 | D:4      | Noticed a sky beast
  2556 | D:3      | Learned a level 5 spell: Borgnjor's Vile Clutch
  2590 | D:4      | Noticed Sigmund
  2685 | D:4      | Killed Sigmund
  2685 | D:4      | Gained mutation: You have hoof-like feet. [demonic ancestry]
  2685 | D:4      | Reached XP level 7. HP: 45/46 MP: 5/13
  2876 | D:5      | Entered Level 5 of the Dungeon
  3053 | D:5      | Found Didiam's Weapon Emporium.
  3160 | D:5      | Found a staircase to the Ecumenical Temple.
  3218 | Temple   | Entered the Ecumenical Temple
  3302 | Temple   | Became a worshipper of Uskayaw the Reveler
  3475 | D:5      | Reached * piety under Uskayaw
  3769 | D:6      | Reached ** piety under Uskayaw
  4020 | D:6      | Reached skill level 5 in Earth Magic
  4020 | D:6      | Gained mutation: When hurt, damage is shared between your health and your magic reserves. [demonic ancestry]
  4020 | D:6      | Reached XP level 8. HP: 25/52 MP: 10/14
  4032 | D:6      | Learned a level 2 spell: Blink
  4076 | D:6      | Noticed Duvessa
  4086 | D:6      | Killed Duvessa
  4087 | D:6      | Noticed Dowan
  4091 | D:6      | Killed Dowan
  4091 | D:6      | Reached skill level 1 in Invocations
  4122 | D:6      | Found a bloodstained altar of Trog.
  4160 | D:6      | Found a runed door.
  4244 | D:6      | Reached skill level 1 in Shields
  4248 | D:6      | Reached *** piety under Uskayaw
  4258 | D:6      | Reached **** piety under Uskayaw
  4659 | D:6      | Noticed Crazy Yiuf
  4662 | D:6      | Killed Crazy Yiuf
  4795 | D:7      | Found a sparkling altar of Nemelex Xobeh.
  4795 | D:7      | Found an opulent altar of Gozag.
  4901 | D:7      | Found Xuir's Antique Armour Shoppe.
  4920 | D:7      | Bought a glowing robe for 118 gold pieces
  4948 | D:7      | Found Mozaduq's Antique Armour Boutique.
  5008 | D:7      | Found Xyafuow's Gadget Shop.
  5035 | D:7      | Noticed a hippogriff
  5042 | D:7      | Killed a hippogriff
  5104 | D:7      | Reached XP level 9. HP: 51/57 MP: 4/15
  5586 | D:8      | Noticed MirrMurr's ghost (novice DDFi)
  5955 | D:9      | Found a sacrificial altar of Ru.
  6014 | D:9      | Reached skill level 10 in Necromancy
  6090 | D:9      | Noticed a purple ugly thing
  6093 | D:9      | Reached skill level 5 in Invocations
  6096 | D:9      | Killed a purple ugly thing
  6103 | D:9      | Reached ***** piety under Uskayaw
  6112 | D:9      | Reached skill level 1 in Unarmed Combat
  6279 | D:9      | Reached skill level 2 in Unarmed Combat
  6324 | D:9      | Reached XP level 10. HP: 63/63 MP: 16/16
  6545 | D:9      | Found a shadowy altar of Dithmenos.
  6616 | D:9      | Reached skill level 3 in Unarmed Combat
  6799 | D:10     | Entered Level 10 of the Dungeon
  6812 | D:10     | Noticed a deep elf mage
  6819 | D:10     | Killed a deep elf mage
  6823 | D:10     | Reached skill level 4 in Unarmed Combat
  6841 | D:10     | Reached ****** piety under Uskayaw
  6972 | D:10     | Reached skill level 5 in Unarmed Combat
  6996 | D:10     | Noticed a two-headed ogre
  7005 | D:10     | Killed a two-headed ogre
  7164 | D:10     | Noticed a lindwurm
  7164 | D:10     | Noticed a lindwurm
  7165 | D:10     | Noticed a lindwurm
  7169 | D:10     | Noticed a lindwurm
  7172 | D:10     | Killed a lindwurm
  7172 | D:10     | Reached skill level 6 in Unarmed Combat
  7172 | D:10     | Killed a lindwurm
  7172 | D:10     | Gained mutation: You are immune to clouds of flame. [demonic ancestry]
  7172 | D:10     | Reached XP level 11. HP: 49/68 MP: 4/17
  7205 | D:10     | Killed a lindwurm
  7207 | D:10     | Killed a lindwurm
  7389 | D:10     | Reached skill level 7 in Unarmed Combat
  7440 | D:10     | Found a staircase to the Lair.
  7716 | D:11     | Found a staircase to the Orcish Mines.
  7770 | D:11     | Noticed Ratty's ghost (journeyman CeHu)
  7981 | Lair:1   | Entered Level 1 of the Lair of Beasts
  7998 | Lair:1   | Reached skill level 5 in Dodging
  8358 | Lair:1   | Noticed an oklob plant
  8407 | Lair:1   | Killed an oklob plant
  8407 | Lair:1   | Reached skill level 8 in Unarmed Combat
  8588 | Lair:1   | Reached skill level 10 in Invocations
  8805 | Lair:2   | Learned a level 1 spell: Beastly Appendage
  8932 | Lair:2   | Reached skill level 1 in Transmutations
  8955 | Lair:2   | Got a warped ring mail
  8973 | Lair:2   | Identified the +2 ring mail of Feptomau {rF+++ rN+ Int+3 Stlth-} (You found it on level 2 of the Lair of Beasts)
  9670 | Lair:3   | Noticed an oklob plant
  9678 | Lair:3   | Killed an oklob plant
  9763 | Lair:3   | Reached skill level 9 in Unarmed Combat
  9767 | Lair:3   | Gained mutation: You have hooves in place of feet. [demonic ancestry]
  9767 | Lair:3   | Reached XP level 12. HP: 62/74 MP: 9/19
 10397 | Lair:4   | Noticed Kirke
 10410 | Lair:4   | Killed Kirke
 10410 | Lair:4   | Reached skill level 5 in Spellcasting
 10436 | Lair:4   | Reached skill level 5 in Transmutations
 10447 | Lair:4   | Learned a level 6 spell: Statue Form
 10553 | Lair:4   | Noticed a four-headed hydra
 10560 | Lair:4   | Killed a four-headed hydra
 10610 | Lair:4   | Found a staircase to the Snake Pit.
 10648 | Lair:4   | Found an ancient bone altar of Kikubaaqudgha.
 10794 | Lair:4   | Found a staircase to the Swamp.
 10802 | Lair:4   | Reached skill level 10 in Unarmed Combat
 11089 | Lair:5   | Found a staircase to the Slime Pits.
 11400 | Lair:5   | Noticed Josephine
 11409 | Lair:5   | Killed Josephine
 11614 | Lair:5   | Noticed a seven-headed hydra
 11624 | Lair:5   | Killed a seven-headed hydra
 11645 | Lair:5   | Reached XP level 13. HP: 46/79 MP: 2/20
 12039 | Lair:6   | Entered Level 6 of the Lair of Beasts
 12875 | Lair:6   | Reached skill level 10 in Earth Magic
 12885 | Lair:6   | Reached skill level 11 in Unarmed Combat
 13687 | D:12     | Found a frozen archway.
 13714 | IceCv    | Entered an ice cave
 13736 | IceCv    | Found a transporter.
 13821 | D:12     | Reached skill level 10 in Transmutations
 14243 | D:12     | Gained mutation: Your demonic aura causes spilled blood to erupt in flames. [demonic ancestry]
 14243 | D:12     | Reached XP level 14. HP: 58/85 MP: 10/22
 14515 | D:12     | Found a large runed door.
 14516 | D:12     | Found a large runed door.
 14711 | D:12     | Found a large runed door.
 14711 | D:12     | Found a large runed door.
 15024 | D:12     | Identified Qabbes's Handbook of Good Luck and Air
 15043 | D:12     | Learned a level 4 spell: Petrify
 15144 | D:11     | Found a shadowy altar of Dithmenos.
 15149 | D:11     | Noticed troglodite's ghost (novice DsBe)
 15161 | D:11     | Killed troglodite's ghost
 15214 | D:11     | Killed Ratty's ghost
 15618 | D:8      | Killed MirrMurr's ghost
 16220 | D:10     | Got a distressingly furry ring mail
 16252 | D:10     | Identified the +3 ring mail "Itwet" {rPois rC++ Str+4 Int+2} (You found it on level 10 of the Dungeon)
 16326 | D:13     | Found a gate to the Vaults.
 16924 | D:13     | Reached skill level 12 in Unarmed Combat
 17214 | D:14     | Found Kuogom's Distillery.
 17215 | D:14     | Found a labyrinth entrance.
 17248 | D:14     | Bought a potion of heal wounds for 65 gold pieces
 17248 | D:14     | Bought a potion of haste for 130 gold pieces
 17248 | D:14     | Bought a potion of cancellation for 104 gold pieces
 17248 | D:14     | Bought a potion of agility for 52 gold pieces
 17248 | D:14     | Bought a potion of might for 52 gold pieces
 17273 | D:14     | Paralysed by a hornet for 1 turns
 17281 | Lab      | Entered a labyrinth
 17512 | Lab      | Got a brightly glowing robe
 17523 | Lab      | Identified the +3 robe of Jiymiross {Str+5} (You found it in a labyrinth)
 17587 | D:14     | Found a burning altar of Makhleb.
 17610 | D:14     | Reached skill level 1 in Fighting
 17671 | D:14     | Found a portal to a secret trove of treasure.
 18116 | D:15     | Entered Level 15 of the Dungeon
 18295 | D:15     | Noticed Azrael
 18304 | D:15     | Reached XP level 15. HP: 71/96 MP: 11/24
 18305 | D:15     | Killed Azrael
 18653 | D:15     | Found the +10 morningstar "Eos" {elec, Halo rElec}
 19207 | D:15     | Found a staircase to the Depths.
 19358 | Orc:1    | Entered Level 1 of the Orcish Mines
 19652 | Orc:2    | Entered Level 2 of the Orcish Mines
 19677 | Orc:2    | Found Lige's Luxury Loot.
 19872 | Orc:2    | Reached skill level 5 in Fighting
 20001 | Orc:2    | Found a staircase to the Elven Halls.
 20590 | Orc:2    | Found Imosin's Magic Scroll Boutique.
 20596 | Orc:2    | Found Suha's Magic Scroll Shop.
 20682 | Orc:2    | Bought a scroll of blinking for 127 gold pieces
 20684 | Orc:2    | Bought 3 scrolls of blinking for 315 gold pieces
 20684 | Orc:2    | Bought a scroll of amnesia for 49 gold pieces
 20684 | Orc:2    | Bought a scroll of fog for 28 gold pieces
 20687 | Orc:2    | Learned a level 1 spell: Apportation
 20691 | Orc:2    | Learned a level 3 spell: Lesser Beckoning
 20792 | Orc:2    | Found Nanomatu's Gadget Emporium.
 20792 | Orc:2    | Found a one-way gate leading to the halls of Pandemonium.
 20792 | Orc:2    | Found Aghexar's Antique Weapon Shoppe.
 21039 | D:7      | Bought the +2 ratskin cloak {+Rats rPois rN+ Str-1 Int-1 Dex+1} for 889 gold pieces
 21039 | D:7      | Found the +2 ratskin cloak {+Rats rPois rN+ Str-1 Int-1 Dex+1}
 21053 | D:7      | Learned a level 2 spell: Passwall
 21215 | Swamp:1  | Entered Level 1 of the Swamp
 21423 | Swamp:1  | Noticed Louise
 21442 | Swamp:1  | Killed Louise
 21442 | Swamp:1  | Gained mutation: You regenerate magic rapidly. [demonic ancestry]
 21442 | Swamp:1  | Reached XP level 16. HP: 105/113 MP: 21/27
 21486 | Swamp:1  | Noticed Roxanne
 21491 | Swamp:1  | Noticed a thorn hunter
 21500 | Swamp:1  | Killed a thorn hunter
 21506 | Swamp:1  | Killed Roxanne
 21507 | Swamp:1  | Identified Roxanne's Reference Book on the Mountains (You took it off Roxanne on level 1 of the Swamp)
 22201 | Swamp:2  | Noticed a thorn hunter
 22213 | Swamp:2  | Killed a thorn hunter
 22498 | Swamp:3  | Reached skill level 13 in Unarmed Combat
 23194 | Swamp:4  | Entered Level 4 of the Swamp
 23331 | Swamp:4  | HP: 6/153 [eight-headed hydra (4)]
 23342 | Swamp:4  | Noticed a thorn hunter
 23357 | Swamp:4  | Killed a thorn hunter
 23686 | Swamp:4  | Got a decaying rune of Zot
 24014 | Swamp:4  | Learned a level 4 spell: Animate Dead
 24122 | Snake:1  | Entered Level 1 of the Snake Pit
 24456 | Snake:1  | Noticed Aizul
 24457 | Snake:1  | Noticed Rupert
 24464 | Snake:1  | Killed Aizul
 24464 | Snake:1  | Killed Rupert
 24464 | Snake:1  | Gained mutation: You have a pair of antennae on your head. [demonic ancestry]
 24464 | Snake:1  | Reached XP level 17. HP: 127/127 MP: 10/29
 24466 | Snake:1  | Found Duajee's Magic Scroll Boutique.
 24481 | Snake:1  | Bought a scroll of magic mapping for 49 gold pieces
 24509 | Snake:1  | Reached skill level 14 in Unarmed Combat
 24803 | Snake:2  | Reached skill level 10 in Fighting
 26191 | Snake:3  | Noticed Donald
 26206 | Snake:3  | Killed Donald
 26651 | Snake:4  | Entered Level 4 of the Snake Pit
 26674 | Snake:4  | Upgraded the game from 0.21.0-22-g11d5b52 to 0.21.0-24-g2553a33
 26717 | Snake:4  | Reached skill level 15 in Unarmed Combat
 26789 | Snake:4  | Gained mutation: You have very sharp fingernails. [demonic ancestry]
 26789 | Snake:4  | Reached XP level 18. HP: 130/140 MP: 21/31
 26814 | Snake:4  | Learned a level 5 spell: Lee's Rapid Deconstruction
 26999 | Snake:4  | Found Doess's Weapon Boutique.
 27003 | Snake:4  | Found Sent's Gadget Boutique.
 27228 | Snake:4  | Reached skill level 10 in Spellcasting
 27370 | Snake:4  | Got a serpentine rune of Zot
 28194 | Vaults:1 | Entered Level 1 of the Vaults
 28352 | Vaults:1 | Found a ruined gateway.
 28380 | Desolati | Entered the Desolation of Salt
 28466 | Desolati | Got a faintly glowing tin ring
 28472 | Desolati | Identified the cursed ring of Tiotzeishi {rPois rC+ AC-3 Int-2 Dex+5} (You found it in the Desolation of Salt)
 28478 | Desolati | Identified the +1 leather armour of Classification {rN+ SInv} (You found it in the Desolation of Salt)
 28496 | Desolati | Reached skill level 16 in Unarmed Combat
 28557 | Desolati | Identified the Compendium of Dusty Cold
 28575 | Desolati | Got a faintly glowing robe
 28576 | Desolati | Identified the +1 robe "Jemaux" {rN++ rCorr} (You found it in the Desolation of Salt)
 28607 | Desolati | Gained mutation: You have a pair of large antennae on your head. (SInv) [demonic ancestry]
 28607 | Desolati | Reached XP level 19. HP: 118/149 MP: 19/33
 28661 | Desolati | Got a shimmering platinum ring
 28664 | Desolati | Got an ancient amethyst amulet
 28665 | Desolati | Identified the amulet "Qomot" {Inacc rF+} (You found it in the Desolation of Salt)
 28667 | Desolati | Identified the ring "Ysudyf" {rElec rN+ Str+4 Int+5 Dex+2} (You found it in the Desolation of Salt)
 28716 | Desolati | Reached skill level 10 in Dodging
 29381 | Vaults:1 | Reached skill level 5 in Shields
 29707 | Vaults:2 | Reached skill level 15 in Invocations
 29914 | Vaults:2 | Reached skill level 17 in Unarmed Combat
 30298 | Vaults:2 | Reached XP level 20. HP: 156/156 MP: 31/34
 30360 | Vaults:2 | Noticed Jorgrun
 30366 | Vaults:2 | Killed Jorgrun
 31789 | Vaults:3 | Found a staircase to the Crypt.
 31789 | Vaults:3 | Found a basalt altar of Yredelemnul.
 31790 | Vaults:3 | Found an ancient bone altar of Kikubaaqudgha.
 31952 | Vaults:3 | Reached skill level 18 in Unarmed Combat
 32749 | Vaults:4 | Reached XP level 21. HP: 162/162 MP: 32/35
 32910 | Vaults:4 | Found Lyhiq's Antique Armour Boutique.
 32972 | Vaults:4 | Found Zoinu's Gadget Shoppe.
 32980 | Vaults:4 | Found Deyrotwa's Antique Armour Emporium.
 32986 | Vaults:4 | Bought an embroidered cloak for 262 gold pieces
 33134 | Vaults:4 | Found Dootut's Weapon Boutique.
 33395 | Vaults:4 | Found Izuss's Magic Scroll Emporium.
 33402 | Vaults:4 | Bought a scroll of identify for 26 gold pieces
 33402 | Vaults:4 | Bought a scroll of identify for 26 gold pieces
 33402 | Vaults:4 | Bought a scroll of teleportation for 39 gold pieces
 33475 | Vaults:5 | Entered Level 5 of the Vaults
 33504 | Vaults:5 | Noticed a golden dragon
 33515 | Vaults:5 | Reached skill level 19 in Unarmed Combat
 33516 | Vaults:5 | Killed a golden dragon
 33538 | Vaults:5 | Noticed a golden dragon
 33547 | Vaults:5 | Killed a golden dragon
 33817 | Vaults:5 | Gained mutation: You resist negative energy. (rN+) [demonic ancestry]
 33817 | Vaults:5 | Reached XP level 22. HP: 132/169 MP: 24/36
 33958 | Vaults:5 | Identified the Handbook of the Mountains and Poisoning
 34013 | Vaults:5 | Identified the cursed +1 ring mail of Resourcefulness {rElec rPois rF-} (You found it on level 5 of the Vaults)
 34070 | Vaults:5 | Reached skill level 15 in Necromancy
 34073 | Vaults:5 | Reached skill level 10 in Shields
 34098 | Vaults:5 | Learned a level 5 spell: Aura of Abjuration
 34384 | Vaults:5 | Identified the +8 hunting sling "Worm" {speed, Int+4 Dex+2} (You found it on level 5 of the Vaults)
 34899 | Vaults:5 | Noticed a golden dragon
 34907 | Vaults:5 | Killed a golden dragon
 34938 | Vaults:5 | Identified Ekadaysch's Handbook of the Supportive Arsonist
 34942 | Vaults:5 | Got a silver rune of Zot
 35429 | D:14     | Bought a potion of curing for 39 gold pieces
 35429 | D:14     | Bought 2 potions of curing for 78 gold pieces
 35429 | D:14     | Bought a potion of curing for 39 gold pieces
 35633 | Crypt:1  | Entered Level 1 of the Crypt
 35654 | Crypt:1  | Reached skill level 20 in Unarmed Combat
 36999 | Crypt:3  | Entered Level 3 of the Crypt
 37100 | Crypt:3  | Found a staircase to the Tomb.
 37140 | Crypt:3  | Reached XP level 23. HP: 175/175 MP: 29/37
 37371 | Crypt:3  | Identified the Handbook of Evil
 37691 | Crypt:3  | Identified Sif Muna's Grimoire of the Snowflakes
 37711 | Crypt:3  | Identified the +6 hunting sling of Ashenzari's Esteem {flame, *Corrode rPois Str+4 Int+4} (You found it on level 3 of the Crypt)
 37789 | Crypt:3  | Identified a scroll of acquirement
 38687 | Depths:1 | Entered Level 1 of the Depths
 39057 | Depths:1 | Found a gateway to Hell.
 39707 | Depths:2 | Noticed stickyfingers's ghost (adept MiBe)
 39718 | Depths:2 | Killed stickyfingers's ghost
 39733 | Depths:2 | Found Juasez's Magic Scroll Boutique.
 39733 | Depths:2 | Found Edihepeifo's Distillery.
 39733 | Depths:2 | Found Seabbiap's Distillery.
 39733 | Depths:2 | Found Igeclit's Armour Shop.
 39904 | Depths:2 | Bought a potion of heal wounds for 115 gold pieces
 39904 | Depths:2 | Bought a potion of resistance for 230 gold pieces
 39910 | Depths:2 | Bought a potion of heal wounds for 65 gold pieces
 39910 | Depths:2 | Bought a potion of haste for 130 gold pieces
 39910 | Depths:2 | Bought a potion of cancellation for 104 gold pieces
 39910 | Depths:2 | Bought a potion of agility for 52 gold pieces
 39923 | Depths:2 | Bought a scroll of blinking for 120 gold pieces
 40304 | Depths:2 | Gained mutation: You have claws for hands. [demonic ancestry]
 40304 | Depths:2 | Reached XP level 24. HP: 185/185 MP: 0/37
 40336 | Depths:2 | Noticed Jory
 40345 | Depths:2 | Killed Jory
 40399 | Depths:2 | Learned a level 2 spell: Song of Slaying
 40978 | Depths:3 | Reached skill level 15 in Transmutations
 41032 | Depths:3 | Reached skill level 15 in Earth Magic
 41212 | Depths:3 | Noticed a juggernaut
 41222 | Depths:3 | Killed a juggernaut
 41930 | Depths:4 | Noticed Frederick
 41938 | Depths:4 | Killed Frederick
 42221 | Depths:4 | Found a gateway to a ziggurat.
 42225 | Depths:4 | Paralysed by a floating eye for 4 turns
 42328 | Depths:4 | Found a basalt altar of Yredelemnul.
 42349 | Depths:4 | Reached skill level 15 in Dodging
 42493 | Depths:4 | Gained mutation: When low on magic, you restore magic in place of health. [demonic ancestry]
 42493 | Depths:4 | Reached XP level 25. HP: 193/193 MP: 32/37
 42536 | Depths:4 | Found a one-way gate to the infinite horrors of the Abyss.
 42786 | Depths:5 | Entered Level 5 of the Depths
 42835 | Depths:5 | Found a gate to the Realm of Zot.
 43536 | Depths:5 | Reached skill level 15 in Fighting
 43943 | Hell     | Entered the Vestibule of Hell
 43943 | Hell     | Noticed Geryon
 43957 | Hell     | Killed Geryon
 44446 | D:14     | You paid a toll of the horn of Geryon to enter a treasure trove
 44447 | Trove    | Entered a treasure trove
 44475 | Trove    | Got a scorched steel amulet
 44477 | Trove    | Got an ancient iron amulet
 44479 | Trove    | Got a scorched silver amulet
 44481 | Trove    | Got a wavering diamond amulet
 44495 | Trove    | Identified the amulet of Eheshret {Inacc MR+ MP+9 Int+4} (You found it in a treasure trove)
 44496 | Trove    | Identified the amulet "Ohaimes" {Harm -Tele *Drain rF+ rN++ Int+3} (You found it in a treasure trove)
 44497 | Trove    | Identified the amulet of Keach {Faith rN+} (You found it in a treasure trove)
 44498 | Trove    | Identified the amulet "Roruoffi" {Gourm +Inv Int+3} (You found it in a treasure trove)
 44554 | D:14     | Reached skill level 5 in Stealth
 44554 | D:14     | Gained mutation: You are somewhat able to resist unholy torments (1 in 2 success). [demonic ancestry]
 44554 | D:14     | Reached XP level 26. HP: 202/202 MP: 37/37
 44684 | Elf:1    | Entered Level 1 of the Elven Halls
 44813 | Elf:1    | Found a radiant altar of Vehumet.
 45309 | Elf:1    | Found Omuamery's Antique Weapon Emporium.
 45817 | Elf:2    | Found Loikh's Antique Armour Shoppe.
 45944 | Elf:2    | Found a runed gate.
 45944 | Elf:2    | Found a runed gate.
 45944 | Elf:2    | Found a runed gate.
 46165 | Elf:3    | Entered Level 3 of the Elven Halls
 46675 | Elf:3    | Gained mutation: Your melee attacks may debilitate your foes. [demonic ancestry]
 46675 | Elf:3    | Reached XP level 27. HP: 210/210 MP: 21/37
 46876 | Elf:3    | Identified the +7 lajatang of Musarela {holy, +Rage rC+++ Dex-2} (You took it off a deep elf mage on level 3 of the Elven Halls)
 46934 | Elf:3    | Identified the ring "Fihearph" {*Corrode rPois MR+ Int+2} (You took it off a deep elf knight on level 3 of the Elven Halls)
 47019 | Elf:3    | Identified Sif Muna's Guide on Mutagenic Creation
 47027 | Elf:3    | Learned a level 4 spell: Passage of Golubria
 47031 | Elf:3    | Identified the Disquisition on Virous Creation
 47041 | Elf:3    | Identified the Incunabulum of Boosts and Damage Dealing
 47334 | Elf:3    | Upgraded the game from 0.21.0-24-g2553a33 to 0.21.0-25-ge575cb9
 47706 | Zot:1    | Entered Level 1 of the Realm of Zot
 48516 | Zot:2    | Reached skill level 15 in Shields
 48528 | Zot:2    | Reached skill level 1 in Charms
 48528 | Zot:2    | Reached skill level 1 in Translocations
 48657 | Zot:2    | Noticed an orb of fire
 48671 | Zot:2    | Killed an orb of fire
 48789 | Zot:2    | Noticed an orb of fire
 48790 | Zot:2    | Gained mutation: You are occasionally teleported next to monsters. [an orb of fire]
 48794 | Zot:2    | Gained mutation: You are clumsy. (Dex -2) [an orb of fire]
 48800 | Zot:2    | Killed an orb of fire
 49045 | Zot:2    | Reached skill level 5 in Translocations
 49628 | Zot:3    | Noticed an orb of fire
 49722 | Zot:3    | Reached skill level 5 in Charms
 51525 | Zot:5    | Entered Level 5 of the Realm of Zot
 51568 | Zot:5    | Noticed an ancient lich
 51628 | Zot:5    | Noticed an ancient lich
 51630 | Zot:5    | Cast into level 5 of the Abyss (an ancient lich)
 51630 | Abyss:5  | Entered Level 5 of the Abyss
 51630 | Abyss:5  | Found a corrupted altar of Lugonu.
 51675 | Abyss:5  | Reached skill level 10 in Translocations
 51833 | Zot:5    | Escaped the Abyss
 51837 | Zot:5    | Noticed an ancient lich
 51838 | Zot:5    | Killed an ancient lich
 51840 | Zot:5    | Killed an ancient lich
 51852 | Zot:5    | Lost mutation: You are occasionally teleported next to monsters. [potion of mutation]
 51852 | Zot:5    | Lost mutation: You are clumsy. (Dex -2) [potion of mutation]
 51852 | Zot:5    | Gained mutation: You have supernaturally acute eyesight. (SInv) [potion of mutation]
 51852 | Zot:5    | Gained mutation: You are agile. (Dex +2) [potion of mutation]
 51852 | Zot:5    | Gained mutation: Your muscles are strong. (Str +2) [potion of mutation]
 51852 | Zot:5    | Gained mutation: You have an increased reservoir of magic. (+10% MP) [potion of mutation]
 51948 | Zot:5    | Reached skill level 21 in Unarmed Combat
 52007 | Zot:5    | Noticed an ancient lich
 52012 | Zot:5    | Killed an ancient lich
 52181 | Zot:5    | Killed an ancient lich
 52210 | Zot:5    | Noticed an orb of fire
 52211 | Zot:5    | Lost mutation: You have supernaturally acute eyesight. (SInv) [an orb of fire]
 52212 | Zot:5    | Gained mutation: Scrolls take you a little longer to read. [an orb of fire]
 52212 | Zot:5    | Lost mutation: You have an increased reservoir of magic. (+10% MP) [an orb of fire]
 52219 | Zot:5    | Noticed an orb of fire
 52221 | Zot:5    | Lost mutation: You are agile. (Dex +2) [an orb of fire]
 52226 | Zot:5    | Killed an orb of fire
 52228 | Zot:5    | Killed an orb of fire
 52346 | Zot:5    | Noticed an orb of fire
 52352 | Zot:5    | Gained mutation: You are clumsy. (Dex -2) [an orb of fire]
 52358 | Zot:5    | Lost mutation: Your muscles are strong. (Str +2) [an orb of fire]
 52358 | Zot:5    | Gained mutation: You occasionally shout uncontrollably at your foes. [an orb of fire]
 52363 | Zot:5    | Killed an orb of fire
 52606 | Zot:5    | Noticed an orb of fire
 52615 | Zot:5    | Gained mutation: Potions are less effective at restoring your health. [an orb of fire]
 52619 | Zot:5    | Gained mutation: You are frail. (-10% HP) [an orb of fire]
 52620 | Zot:5    | Killed an orb of fire
 53000 | D:15     | Learned a level 2 spell: Swiftness
 53009 | D:15     | Learned a level 5 spell: Silence
 53290 | Slime:1  | Entered Level 1 of the Pits of Slime
 53323 | Slime:2  | Reached skill level 1 in Slings
 53348 | Slime:4  | Noticed Jatast's ghost (legendary GrMo)
 53360 | Slime:4  | Killed Jatast's ghost
 53371 | Slime:5  | Entered Level 5 of the Pits of Slime
 53372 | Slime:5  | Reached skill level 22 in Unarmed Combat
 53374 | Slime:5  | Gained mutation: Your spells are a little harder to cast, but a little more powerful. [a shining eye]
 53409 | Slime:5  | Noticed the Royal Jelly
 53410 | Slime:5  | Found a viscous altar of Jiyva.
 53431 | Slime:5  | Reached skill level 10 in Charms
 53440 | Slime:5  | Killed the Royal Jelly
 53441 | Slime:5  | Found the amulet of Vitality {Regen+ HP+15}
 53488 | Slime:5  | Got a slimy rune of Zot
 53552 | Slime:5  | Identified the cursed +1 arbalest "Fekoimio" {freeze, +Fly Dex+2} (You found it on level 5 of the Pits of Slime)
 54337 | D:15     | Learned a level 1 spell: Confusing Touch
 54386 | D:15     | Learned a level 4 spell: Animate Dead
 54393 | D:15     | Learned a level 6 spell: Death Channel
 54397 | D:15     | Learned a level 3 spell: Ozocubu's Armour
 54404 | D:15     | Learned a level 1 spell: Summon Butterflies
 54731 | Tomb:1   | Entered Level 1 of the Tomb of the Ancients
 54799 | Tomb:1   | Noticed Nicoed's ghost (legendary HOFi)
 54814 | Tomb:1   | Killed Nicoed's ghost
 54920 | Tomb:1   | Reached skill level 5 in Slings
 55139 | Tomb:1   | Identified the Handbook of Aerial Fire
 55154 | Tomb:1   | Noticed a greater mummy
 55157 | Tomb:1   | Killed a greater mummy
 55201 | Tomb:1   | Noticed a greater mummy
 55207 | Tomb:1   | Killed a greater mummy
 55410 | Tomb:2   | Noticed a greater mummy
 55410 | Tomb:2   | Noticed a greater mummy
 55410 | Tomb:2   | Noticed a greater mummy
 55411 | Tomb:2   | Noticed a greater mummy
 55415 | Tomb:2   | Noticed a greater mummy
 55416 | Tomb:2   | Noticed Khufu
 55416 | Tomb:2   | Noticed a greater mummy
 55418 | Tomb:2   | Killed Khufu
 55418 | Tomb:2   | Killed a greater mummy
 55418 | Tomb:2   | Killed a greater mummy
 55418 | Tomb:2   | Killed a greater mummy
 55421 | Tomb:2   | Killed a greater mummy
 55421 | Tomb:2   | Killed a greater mummy
 55441 | Tomb:2   | HP: 10/258 [death scarab[the power of Zot] (5)]
 55521 | Tomb:2   | Lost mutation: Scrolls take you a little longer to read. [potion of mutation]
 55521 | Tomb:2   | Lost mutation: You are frail. (-10% HP) [potion of mutation]
 55521 | Tomb:2   | Gained mutation: Your body sometimes deteriorates upon taking damage. [potion of mutation]
 55521 | Tomb:2   | Gained mutation: Your muscles are strong. (Str +2) [potion of mutation]
 55522 | Tomb:2   | Lost mutation: You are clumsy. (Dex -2) [potion of mutation]
 55522 | Tomb:2   | Lost mutation: Your muscles are strong. (Str +2) [potion of mutation]
 55522 | Tomb:2   | Lost mutation: Potions are less effective at restoring your health. [potion of mutation]
 55522 | Tomb:2   | Gained mutation: You have a beak for a mouth. [potion of mutation]
 55522 | Tomb:2   | Gained mutation: You are resistant to hostile enchantments. (MR+) [potion of mutation]
 55708 | Tomb:3   | Entered Level 3 of the Tomb of the Ancients
 55716 | Tomb:3   | Noticed a greater mummy
 55720 | Tomb:3   | Noticed a greater mummy
 55728 | Tomb:3   | HP: 10/288 [death scarab (6)]
 55731 | Tomb:3   | Found the +0 pair of fencer's gloves {+Riposte Dex+3}
 55732 | Tomb:3   | Cast into level 5 of the Abyss (the power of Zot)
 55732 | Abyss:5  | Entered Level 5 of the Abyss
 55798 | Abyss:5  | Reached skill level 10 in Slings
 55969 | Abyss:5  | Found a corrupted altar of Lugonu.
 55971 | Abyss:5  | Got an abyssal rune of Zot
 56041 | Abyss:5  | Paralysed by accursed screaming for 1 turns
 56104 | Tomb:3   | Escaped the Abyss
 56104 | Tomb:3   | Lost mutation: You are resistant to hostile enchantments. (MR+) [the power of Zot]
 56106 | Tomb:3   | Noticed a greater mummy
 56116 | Tomb:3   | Noticed a greater mummy
 56124 | Tomb:3   | Killed a greater mummy
 56127 | Tomb:3   | HP: 3/223 [reaper/scythe of slicing[the power of Zot] (22)]
 56127 | Tomb:3   | Slain by a reaper

Skill      XL: |  1  2  3  4  5  6  7  8  9 10 11 12 13 14 15 16 17 18 19 20 21 22 23 24 25 26 27 |
---------------+----------------------------------------------------------------------------------+-----
Necromancy     | 5 6 7 8 9 10 11 12 13 14 15 | 15.8
Spellcasting   | 3 4 5 6 7 8 9 10 | 10.0
Earth Magic    | 2 5 6 7 9 10 11 12 13 14 15 16 17 | 17.0
Invocations    | 3 6 8 10 11 13 14 15 16 17 18 20 | 20.7
Shields        | 2 4 6 8 9 11 12 13 15 | 15.0
Unarmed Combat | 2 6 9 10 11 12 13 15 16 17 18 19 20 22 | 22.2
Dodging        | 4 5 7 8 9 10 12 13 14 15 18 | 18.0
Transmutations | 3 7 10 11 12 13 14 15 16 17 | 17.0
Fighting       | 2 6 9 11 13 14 15 20 | 20.0
Stealth        | 5 |  5.2
Charms         | 10 | 10.0
Translocations | 10 | 10.0
Slings         | 11 | 11.9

Action                   |  1- 3 |  4- 6 |  7- 9 | 10-12 | 13-15 | 16-18 | 19-21 | 22-24 | 25-27 || total
-------------------------+-------+-------+-------+-------+-------+-------+-------+-------+-------++-------
Melee: Spear             |    69 |    87 |   242 |   100 |       |       |       |       |       ||   498
       Unarmed           |       |       |       |   359 |   870 |   646 |   486 |  1002 |  1410 ||  4773
       Kick              |       |       |       |    43 |   273 |   191 |   174 |   409 |   464 ||  1554
       Peck              |       |       |       |       |       |       |       |       |    31 ||    31
 Fire: Blowgun           |       |     4 |    11 |       |       |       |       |       |       ||    15
 Cast: Animate Skeleton  |    16 |    17 |    39 |    67 |   103 |     5 |       |     1 |       ||   248
       Pain              |    18 |    70 |    84 |    37 |       |       |       |       |       ||   209
       Vampiric Draining |       |     4 |     7 |    22 |     6 |       |       |       |       ||    39
       Regeneration      |       |     3 |    14 |    21 |    78 |    50 |    27 |    42 |   124 ||   359
       Borgnjor's Vile C |       |     1 |    20 |    56 |   128 |    74 |    75 |    53 |   160 ||   567
       Statue Form       |       |       |       |       |    15 |    48 |    49 |    58 |   101 ||   271
       Petrify           |       |       |       |       |     1 |       |       |       |       ||     1
       Animate Dead      |       |       |       |       |       |     5 |     5 |     6 |     2 ||    18
       Apportation       |       |       |       |       |       |     9 |     6 |     2 |    16 ||    33
       Lesser Beckoning  |       |       |       |       |       |       |       |       |    10 ||    10
       Passage of Golubr |       |       |       |       |       |       |       |       |     8 ||     8
       Ozocubu's Armour  |       |       |       |       |       |       |       |       |     3 ||     3
Invok: Line Pass         |       |       |       |     1 |       |       |       |       |     4 ||     5
       Stomp             |       |       |       |       |    10 |       |     1 |     1 |    26 ||    38
       Grand Finale      |       |       |       |       |       |       |     2 |     2 |     5 ||     9
 Abil: End Transformatio |       |       |       |       |     4 |     2 |     2 |     1 |     3 ||    12
Evoke: Wand              |       |       |       |     1 |     3 |       |       |     1 |     2 ||     7
  Use: Scroll            |       |     4 |    11 |    13 |    11 |     9 |     2 |     9 |    32 ||    91
       Potion            |       |       |       |       |     6 |     3 |     4 |     3 |    19 ||    35
 Stab: Sleeping          |     5 |     3 |     2 |     1 |     1 |     2 |     1 |     7 |     7 ||    29
       Paralysed         |       |       |     1 |    32 |    69 |    55 |    76 |    89 |   173 ||   495
       Confused          |       |       |       |     2 |       |     1 |       |       |     1 ||     4
       Distracted        |       |       |       |     7 |     3 |     2 |     4 |     1 |     4 ||    21
       Petrified         |       |       |       |       |     3 |       |       |       |       ||     3
       Invisible         |       |       |       |       |     1 |       |       |       |       ||     1
  Eat: Chunk             |       |     7 |    22 |    43 |    84 |    48 |    45 |    21 |    77 ||   347
       Ration            |       |       |       |       |       |     5 |     3 |    14 |    18 ||    40
Armor: Robe              |    10 |    11 |    47 |       |       |    11 |     1 |     2 |     6 ||    88
       Troll leather arm |       |       |     5 |    65 |       |       |       |       |       ||    70
       Ring mail         |       |       |       |    39 |   154 |       |       |       |       ||   193
       Skin              |       |       |       |       |    74 |   490 |   217 |   377 |   613 ||  1771
Dodge: Dodged            |    31 |    63 |   156 |   263 |   412 |   715 |   544 |  1009 |  2061 ||  5254
Block: Buckler           |       |       |    15 |    71 |   191 |   231 |   203 |   419 |   799 ||  1929
